 Dungeon Crawl Stone Soup version 0.20-a0-638-gd210ae2 (webtiles) character file.

19 Kiturien the Skirmisher (level 2, -1/27 HPs)
             Began as a Hill Orc Fighter on Feb 12, 2017.
             Slain by Sigmund
             ... wielding a +0 scythe
              (6 damage)
             ... on level 2 of the Dungeon.
             The game lasted 00:03:07 (887 turns).

Kiturien the Skirmisher (Hill Orc Fighter)           Turns: 887, Time: 00:03:07

Health: -1/27      AC:  6    Str: 18    XL:     2   Next: 75%
Magic:  2/2        EV:  7    Int:  8    God:
Gold:   66         SH:  9    Dex: 10    Spells: 1/1 levels left

rFire    . . .     SeeInvis .   e - +2 dagger (drain)
rCold    . . .     Gourm    .   b - +0 scale mail
rNeg     . . .     Faith    .   c - +0 shield
rPois    .         Spirit   .   (no helmet)
rElec    .         Reflect  .   (no cloak)
rCorr    .         Harm     .   (no gloves)
MR       .....                  (no boots)
Stlth    ..........             (no amulet)
Regen    0.1/turn               (no ring)
                                (no ring)

@: no status effects
A: no striking features
a: no special abilities


You were on level 2 of the Dungeon.
You were not hungry.

You visited 1 branch of the dungeon, and saw 2 of its levels.

You collected 66 gold pieces.

Inventory:

Hand Weapons
 a - a +0 war axe
 e - a +2 dagger of draining (weapon)
Armour
 b - a +0 scale mail (worn)
 c - a +0 shield (worn)
Scrolls
 g - a scroll of immolation
 i - a scroll of amnesia
 j - a scroll of remove curse {unknown}
 m - a scroll of magic mapping {unknown}
Potions
 d - a potion of might
 k - a potion of berserk rage
Comestibles
 f - 2 bread rations


   Skills:
 + Level 4.2 Fighting
 + Level 0.2 Short Blades
 + Level 2.8 Axes
 + Level 3.4 Armour
 + Level 3.5 Shields


You had one spell level left.
You didn't know any spells.

Dungeon Overview and Level Annotations

Branches:
Dungeon (2/15)

Altars:
Cheibriados

Annotations:
D:2 Sigmund


Message History

You barely miss something. The goblin closely misses you.
You hit something. You block something's attack.
You closely miss something. The goblin hits you with a club.
Something hits you!
* * * LOW HITPOINT WARNING * * *
An adder comes into view.
You miss something.
The adder hisses angrily.
The goblin barely misses you.
You miss something. Something hits you but does no damage.
The goblin barely misses you.
You hit something. The goblin hits you but does no damage.
Something hits you but does no damage.
You hit something. The goblin hits you but does no damage.
You hit something. Something hits you.
* * * LOW HITPOINT WARNING * * *
The goblin completely misses you.
Your shield prevents you from hitting something.
You block the adder's attack. Something hits you.
You die...

. ..#### .. .....# ##
... ....## ..## ....
#...###... . >....
##....#.###..
......####...#........
.......<##._.g........
............†.@{..?...
...###.........S......
# ####.............
#####.........
##...#.... #########


You could see an adder and a goblin.

Vanquished Creatures
  A leopard gecko (D:2)
  A ball python (D:1)
  A giant cockroach (D:1)
  A goblin (D:1)
  3 hobgoblins (D:1)
  2 jackals (D:2)
  2 kobolds (D:1)
  2 bats (D:1)
  A frilled lizard (D:1)
  3 rats (D:1)
17 creatures vanquished.

Notes
Turn   | Place    | Note
-------+----------+-------------------------------------------
     0 | D:1      | Kiturien the Hill Orc Fighter began the quest for the Orb.
     0 | D:1      | Reached XP level 1. HP: 19/19 MP: 1/1
   244 | D:1      | Reached XP level 2. HP: 27/27 MP: 2/2
   269 | D:1      | Reached skill level 4 in Fighting
   866 | D:2      | Found a snail-covered altar of Cheibriados.
   872 | D:2      | Noticed Sigmund
   887 | D:2      | Slain by Sigmund

Vault maps used:
D:1:      kilobyte_arrival_exit_the_forest, serial_forest,
          infiniplex_forest_clump_double, infiniplex_forest_clump_double,
          infiniplex_forest_clump_diagonal, infiniplex_forest_lined_room_3,
          infiniplex_forest_pool, infiniplex_forest_straight_1,
          infiniplex_forest_clump_small, minmay_liquid_box
D:2:      cheibriados_altar_1, lemuel_round_altar, yredelemnul_altar_generic,
          first_bread, grunt_decor_mini_mirrors, kennysheep_path_1, uniq_sigmund

Skill      XL: |  1  2 |
---------------+-------+-----
Fighting       | 4 |  4.2
Short Blades   | |  0.2
Axes           | |  2.8
Armour         | |  3.4
Shields        | |  3.5

Action                   || total
-------------------------++-------
Melee: Dagger            ||    47
  Use: Scroll            ||     3
       Potion            ||     3
Armor: Scale mail        ||    20
Dodge: Dodged            ||     8
Block: Shield            ||    23
